 Dungeon Crawl Stone Soup version 0.25-a0-713-g4845790874 (webtiles) character file.

Game seed: 1047133973041657747, levelgen mode: deterministic

4881 Amnesiac the Thaumaturge (level 10, -2/52 HPs)
             Began as a Deep Elf Wizard on Apr 6, 2020.
             Was a Believer of Vehumet.
             Slain by a slime creature (22 damage)
             ... on level 10 of the Dungeon.
             The game lasted 00:22:35 (10831 turns).

Amnesiac the Thaumaturge (Deep Elf Wizard)         Turns: 10831, Time: 00:22:36

Health: -2/52      AC:  7    Str:  7    XL:     10   Next: 26%
Magic:  26/28      EV: 16    Int: 27    God:    Vehumet [**....]
Gold:   776        SH:  4    Dex: 13    Spells: 20/33 levels left

rFire    . . .     SeeInvis .   m - +3 great sword (elec)
rCold    . . .     Gourm    .   (shield currently unavailable)
rNeg     . . .     Faith    .   y - +1 robe {MR+}
rPois    .         Spirit   .   j - +1 helmet
rElec    .         Reflect  +   i - +0 cloak
rCorr    .         Harm     .   (no gloves)
MR       ++...                  p - +0 pair of boots
Stlth    ++........             s - +4 amulet of reflection
HPRegen  0.17/turn              r - +3 ring of strength
MPRegen  0.21/turn              (no ring)

@: no status effects
A: no striking features
a: Renounce Religion


You were on level 10 of the Dungeon.
You worshipped Vehumet.
Vehumet was pleased with you.
You were not hungry.

You visited 2 branches of the dungeon, and saw 11 of its levels.
You also visited: Ossuary.

You collected 872 gold pieces.
You spent 96 gold pieces at shops.

Inventory:

Hand Weapons
 a - a +0 whip of electrocution
 b - a +1 vorpal trident
 m - a +3 great sword of electrocution (weapon)
Missiles
 F - 14 poisoned darts (quivered)
Armour
 i - a +0 cloak (worn)
 j - a +1 helmet (worn)
 p - a +0 pair of boots (worn)
 y - a +1 robe of magic resistance (worn)
 E - a +0 crystal plate armour
 H - a +0 buckler
Jewellery
 r - a +3 ring of strength (left hand)
 s - a +4 amulet of reflection (around neck)
Wands
 G - a wand of flame (17)
Scrolls
 e - 7 scrolls of teleportation {!r}
 g - 4 scrolls of enchant armour {!r}
 n - a scroll of immolation {!r, unknown}
 o - 2 scrolls of remove curse {!r}
 u - 4 scrolls of identify {!r}
 w - a scroll of magic mapping {!r}
 x - a scroll of fear {!r}
 D - a scroll of blinking {!r, unknown}
 I - a scroll of enchant weapon {!r, unknown}
Potions
 c - 5 potions of curing {!q}
 f - 3 potions of might {!q}
 h - a potion of ambrosia {!q}
 k - 3 potions of heal wounds {!q}
 l - 2 potions of invisibility {!q}
 q - 5 potions of cancellation {!q}
 t - 2 potions of haste {!q, unknown}
 v - 2 potions of resistance {!q, unknown}
 z - 2 potions of mutation {!q, unknown}
 A - 2 potions of berserk rage {!q, unknown}
 B - 2 potions of magic {!q}
 C - 2 potions of brilliance {!q, unknown}
Comestibles
 d - 23 rations


   Skills:
 - Level 1.0 Fighting
 - Level 8.0 Dodging
 - Level 2.4 Stealth
 - Level 12.0 Spellcasting
 - Level 1.1 Conjurations
 - Level 1.1 Summonings
 - Level 1.1 Translocations
 * Level 11.3 Ice Magic


You had 20 spell levels left.
You knew the following spells:

 Your Spells              Type           Power        Failure   Level  Hunger
a - Foxfire               Conj/Fire      ###.         2%          1    None
b - Call Imp              Summ           ###.....     3%          2    None
c - Freeze                Ice            ####         1%          1    None
d - Magic Dart            Conj           ###.         2%          1    None
e - Mephitic Cloud        Conj/Pois/Air  ###.....     9%          3    None
s - Conjure Flame         Conj/Fire      ###.....     9%          3    None
v - Blink                 Tloc           N/A          3%          2    None

Your spell library contained the following spells:

 Spells                   Type           Power        Failure   Level  Hunger
 Slow                     Hex            ###.....     5%          2    None


Dungeon Overview and Level Annotations

Branches:
Dungeon (10/15)            Temple (1/1) D:5             Orc (0/2) D:9
Ossuary (visited)
   Lair: D:8-11

Altars:
Ashenzari
Cheibriados
Dithmenos
Elyvilon
Fedhas
Gozag
Hepliaklqana
Kikubaaqudgha
Makhleb
Nemelex Xobeh
Okawaru
Qazlal
Ru
Sif Muna
Trog
Uskayaw
Vehumet
Wu Jian
Xom
Yredelemnul
Zin
The Shining One
Lugonu

Shops:
D:5 [   D:9 ([

Annotations:
D:8 Gastronok
D:10 Maggie


Message History

You conjure some foxfire!
Your foxfire dissipates!
A crimson imp comes into view.
The crimson imp shouts!
The foxfire hits the ogre.
The ogre is severely wounded.
Casting: Foxfire (safe; 2% risk of failure)
Confirm with . or Enter, or press ? or * to list all spells.
You conjure some foxfire!
The foxfire hits the ogre.
The ogre is severely wounded.
The foxfire hits the ogre.
The ogre is severely wounded.
Casting: Foxfire (safe; 2% risk of failure)
Confirm with . or Enter, or press ? or * to list all spells.
You conjure some foxfire!
Your foxfire dissipates!
The foxfire hits the ogre.
The ogre is almost dead.
Casting: Foxfire (safe; 2% risk of failure)
Confirm with . or Enter, or press ? or * to list all spells.
You conjure some foxfire!
The foxfire hits the ogre.
You kill the ogre!
Vehumet accepts your kill.
You feel your power returning.
The foxfire hits the crimson imp.
The crimson imp completely resists.
Found a sedimented orange potion.
You block the crimson imp's attack.
Things that are here:
a +0 giant club; an ogre corpse You butcher the ogre corpse.
The crimson imp barely misses you.
You riposte.
You slash the crimson imp!
The crimson imp is severely wounded.
Things that are here:
a +0 giant club; 6 chunks of flesh; an ogre skeleton You slash the crimson imp!
Lightning courses through the crimson imp!
You kill the crimson imp!
Vehumet accepts your kill.
You feel your power returning.
A slime creature comes into view.
The slime creature quivers.
The slime creature completely misses you.
Found a stone staircase leading up.
You see here a buckler.
H - a buckler The slime creature hits you!
Casting: Foxfire (safe; 2% risk of failure)
Confirm with . or Enter, or press ? or * to list all spells.
The fire begins to smolder!
The slime creature hits you!
The fire ignites!
The slime creature hits you.
* * * LOW HITPOINT WARNING * * *
You hit the slime creature.
Lightning courses through the slime creature!
The slime creature is moderately wounded.
The slime creature is engulfed in blazing flames.
The slime creature hits you.
* * * LOW HITPOINT WARNING * * *
A shadow comes into view.
The slime creature is engulfed in blazing flames.
The slime creature hits you!!
You die...

#......# #......#
##......# ........#
....##......#
...........####### ...
... #.%....#.....### ...
#.##............... ....
#.........J@.......
....# #...............<#
....# #................
#..##...............#
...##...)..............#
........[.............#.
...#...........#......#
. #..........)..W.....
...#.....##.##...####.


You could see a slime creature and a shadow (wandering).

Vanquished Creatures
  Pikel (D:6)
  Edmund (D:6)
  2 water moccasins (D:7)
  3 orc warriors
  A sky beast (D:6)
  A slave (D:6)
  2 black bears
  2 phantoms (D:7)
  3 ogres
  4 centaurs
  5 bullfrogs
  A scorpion (D:7)
  A wyvern skeleton (D:6)
  A howler monkey (D:4)
  3 crimson imps
  A bullfrog zombie (D:5)
  A centaur zombie (D:5)
  3 hounds
  2 jellies
  An orc priest (D:9)
  A bullfrog skeleton (D:7)
  3 iguanas
  5 orc wizards
  6 worker ants
  2 hound skeletons
  8 mummies (Ossuary)
  A worker ant zombie (D:6)
  5 gnolls
  6 adders
  A shadow imp (D:9)
  An adder zombie (D:9)
  A worm (D:2)
  8 leopard geckos
  19 orcs
  4 giant cockroaches
  A gnoll zombie (Ossuary)
  6 goblins
  8 hobgoblins
  7 jackals
  2 kobolds (D:2)
  7 quokkas
  3 ball pythons
  A ball python skeleton (D:4)
  12 bats
  2 frilled lizards
  2 hobgoblin zombies (Ossuary)
  A kobold zombie (Ossuary)
  A leopard gecko skeleton (D:5)
  4 orc zombies (Ossuary)
  2 rats
169 creatures vanquished.

Vanquished Creatures (collateral kills)
  Harold (D:9)
  Erolcha (D:9)
  The ghost of bmpenner the Martial Artist, a novice DgTm (D:8)
  A water moccasin (D:9)
  2 slaves (D:6)
  A centaur (D:9)
  An iguana (D:5)
  A worker ant (D:4)
  Robin (D:2)
  A gnoll (D:4)
  2 worms
  3 orcs
  9 goblins (D:2)
  A hobgoblin (D:2)
  A frilled lizard (D:2)
27 creatures vanquished.

Vanquished Creatures (others)
  An orc (D:6)
  41 foxfires (D:10)
42 creatures vanquished.

Grand Total: 238 creatures vanquished

Notes
Turn   | Place    | Note
-------+----------+-------------------------------------------
     0 | D:1      | Amnesiac the Deep Elf Wizard began the quest for the Orb.
     0 | D:1      | Reached XP level 1. HP: 10/10 MP: 7/7
   242 | D:1      | Reached skill level 5 in Spellcasting
   337 | D:1      | Reached XP level 2. HP: 15/15 MP: 8/10
   550 | D:2      | Learned a level 2 spell: Blink
   553 | D:2      | Learned a level 2 spell: Call Imp
   716 | D:2      | Found a shimmering altar of Xom.
   852 | D:2      | Noticed Robin
   868 | D:2      | Killed Robin
   868 | D:2      | Reached XP level 3. HP: 12/20 MP: 2/12
  1048 | D:2      | Learned a level 3 spell: Conjure Flame
  1052 | D:2      | Learned a level 3 spell: Mephitic Cloud
  1117 | D:3      | Reached skill level 6 in Spellcasting
  1279 | D:3      | Reached skill level 1 in Fighting
  1289 | D:3      | Reached XP level 4. HP: 25/25 MP: 10/14
  1973 | D:3      | Found an opulent altar of Gozag.
  1974 | D:3      | Found a sparkling altar of Nemelex Xobeh.
  2277 | D:4      | Reached XP level 5. HP: 29/29 MP: 6/16
  2328 | D:4      | Reached skill level 7 in Spellcasting
  2335 | D:4      | Found a bloodstained altar of Trog.
  2891 | D:2      | Found an ancient bone altar of Kikubaaqudgha.
  3253 | D:4      | Found a hide-covered altar of Uskayaw.
  3307 | D:4      | Reached XP level 6. HP: 34/34 MP: 9/18
  3441 | D:4      | Found a glowing golden altar of the Shining One.
  3656 | D:5      | Entered Level 5 of the Dungeon
  3685 | D:5      | Found Buveoth's Antique Armour Shoppe.
  3693 | D:5      | Bought an embroidered robe for 96 gold pieces
  3725 | D:5      | Reached skill level 8 in Spellcasting
  4133 | D:5      | Found a staircase to the Ecumenical Temple.
  4368 | Temple   | Entered the Ecumenical Temple
  4399 | Temple   | Became a worshipper of Vehumet
  4734 | D:5      | Reached skill level 5 in Dodging
  4734 | D:5      | Reached skill level 9 in Spellcasting
  4734 | D:5      | Reached XP level 7. HP: 25/38 MP: 4/21
  5249 | D:6      | Noticed Edmund
  5270 | D:6      | Killed Edmund
  5492 | D:6      | Reached skill level 10 in Spellcasting
  5592 | D:6      | Found a burning altar of Makhleb.
  5808 | D:6      | Noticed Pikel
  5849 | D:6      | Killed Pikel
  5849 | D:6      | Reached skill level 11 in Spellcasting
  5849 | D:6      | Reached XP level 8. HP: 30/43 MP: 0/25
  6251 | D:6      | Reached * piety under Vehumet
  6251 | D:6      | Offered knowledge of Freeze by Vehumet.
  6308 | D:6      | Reached skill level 12 in Spellcasting
  6374 | D:6      | Learned a level 1 spell: Freeze
  6843 | D:7      | Reached skill level 1 in Ice Magic
  7120 | D:7      | Found a sacrificial altar of Ru.
  7140 | D:7      | Reached XP level 9. HP: 25/47 MP: 12/27
  7174 | D:7      | HP: 2/47 [poisoned by a water moccasin]
  7182 | D:7      | HP: 1/47 [poisoned by a water moccasin]
  7544 | D:7      | Reached skill level 5 in Ice Magic
  8126 | D:8      | Found an ornate altar of the Wu Jian Council.
  8150 | D:8      | Found a sand-covered staircase.
  8155 | Ossuary  | Entered an ossuary
  8661 | D:8      | Found a large runed translucent door.
  8665 | D:8      | Found a large runed translucent door.
  8666 | D:8      | Noticed bmpenner's ghost (novice DgTm)
  8816 | D:8      | Noticed Gastronok
  9467 | D:8      | Killed bmpenner's ghost
  9524 | D:9      | Noticed Erolcha
  9622 | D:9      | Reached ** piety under Vehumet
  9635 | D:9      | Offered knowledge of Foxfire by Vehumet.
  9765 | D:9      | Found a burning altar of Makhleb.
  9766 | D:9      | Found a shattered altar of Ashenzari.
  9766 | D:9      | Found a shadowy altar of Dithmenos.
  9771 | D:9      | Found a basalt altar of Yredelemnul.
  9772 | D:9      | Found a snail-covered altar of Cheibriados.
  9802 | D:9      | Found Kezorr's Weapon Emporium.
  9951 | D:9      | Found a staircase to the Orcish Mines.
  9954 | D:9      | Found Ohorezobb's Armour Emporium.
 10143 | D:9      | Killed Erolcha
 10143 | D:9      | Reached skill level 10 in Ice Magic
 10143 | D:9      | Reached XP level 10. HP: 52/52 MP: 18/28
 10321 | D:9      | Found a glowing silver altar of Zin.
 10321 | D:9      | Found a white marble altar of Elyvilon.
 10453 | D:9      | Noticed Harold
 10501 | D:9      | Killed Harold
 10656 | D:9      | Learned a level 1 spell: Foxfire
 10657 | D:10     | Entered Level 10 of the Dungeon
 10781 | D:10     | Noticed Maggie
 10831 | D:10     | Slain by a slime creature

Levels and vault maps discovered:
D:1:      dpeg_arrival_windows_large_door, layout_loops_ring
D:2:      layout_rooms, kiku_gazebo_pond_becter, nicolae_overflow_hidden_temple,
          uniq_robin
D:3:      layout_loops_cross, grunt_temple_overflow_opulence,
          wander_ebering_terrifying_dragon_lair
D:4:      layout_rooms, bloody_trog, eat_drink_and_be_merry_uskayaw,
          first_ration, nicolae_tso_carved_into_rock
D:5:      layout_loops_ring, minmay_temple_entry_stoned_glass, serial_shops,
          shop
D:6:      layout_layer_cave, minmay_liquid_box, lemuel_altar_in_water,
          uniq_edmund, uniq_pikel
D:7:      layout_basic, hangedman_ru_absence
D:8:      layout_loops_ring, lemuel_crystal_altar, enter_ossuary_5,
          ebering_ghost_disaster_area, grunt_pizzeria, patterned_corridor,
          uniq_gastronok
D:9:      layout_loops_ring, grunt_temple_overflow_open,
          gammafunk_temple_overflow_wave, orc_david_3, uniq_erolcha, uniq_harold
D:10:     layout_rooms, ploomutoo_gammafunk_ghost_potion_laboratory,
          minivault_1, dk_noncrumbling_3, minivault_28, uniq_erica, uniq_maggie,
          uniq_maurice
Temple:   corrupted_temple

Skill      XL: |  1  2  3  4  5  6  7  8  9 10 |
---------------+-------------------------------+-----
Spellcasting   | 5 6 7 9 11 12 | 12.0
Fighting       | 1 |  1.0
Dodging        | 3 4 5 6 8 |  8.0
Ice Magic      | 4 10 11 | 11.3
Stealth        | |  2.4
Conjurations   | |  1.1
Summonings     | |  1.1
Translocations | |  1.1

Action                   |  1- 3 |  4- 6 |  7- 9 | 10-12 || total
-------------------------+-------+-------+-------+-------++-------
Melee: Short sword       |     1 |    10 |     3 |       ||    14
       Whip              |       |       |    12 |       ||    12
       Great sword       |       |       |     7 |     3 ||    10
Throw: Dart              |       |       |     4 |       ||     4
 Cast: Magic Dart        |    69 |   229 |   465 |     7 ||   770
       Call Imp          |     4 |    20 |    42 |     6 ||    72
       Mephitic Cloud    |       |     7 |    10 |       ||    17
       Conjure Flame     |       |     1 |    11 |     1 ||    13
       Blink             |       |     1 |       |     1 ||     2
       Foxfire           |       |       |       |    26 ||    26
  Use: Scroll            |       |     6 |     8 |       ||    14
       Potion            |       |     1 |     1 |       ||     2
 Stab: Sleeping          |       |       |     1 |       ||     1
  Eat: Chunk             |     1 |    10 |    17 |     2 ||    30
Armor: Robe              |     5 |    17 |    38 |     4 ||    64
Dodge: Dodged            |    22 |    70 |   135 |    14 ||   241
Block: Other             |       |     6 |    36 |     3 ||    45
       Reflection        |       |     1 |       |     1 ||     2
       Rpst.: Great sword |       |       |    24 |     5 ||    29

Table legend:
 A = Non-vault XP
 B = Vault XP
 C = Vault XP percentage of total XP
 D = Non-vault monster count
 E = Vault monster count
 F = Vault count percentage of total count
                 A         B        C        D         E       F
            +---------+---------+-------+---------+---------+-------
      Total |    4144 |    2830 |  40.6 |     150 |      43 |  22.3
            +---------+---------+-------+---------+---------+-------
        D:1 |      19 |       0 |   0.0 |      12 |       0 |   0.0
        D:2 |      66 |      22 |  25.0 |      21 |      13 |  38.2
        D:3 |      82 |       3 |   3.5 |      16 |       1 |   5.9
        D:4 |     232 |       0 |   0.0 |      14 |       0 |   0.0
        D:5 |     415 |       0 |   0.0 |      25 |       0 |   0.0
        D:6 |     795 |     587 |  42.5 |      20 |       2 |   9.1
        D:7 |    1160 |       0 |   0.0 |      14 |       0 |   0.0
        D:8 |     191 |     697 |  78.5 |       7 |       2 |  22.2
        D:9 |     812 |    1320 |  61.9 |      16 |       8 |  33.3
       D:10 |     372 |      48 |  11.4 |       5 |       1 |  16.7
    Ossuary |       0 |     153 | 100.0 |       0 |      16 | 100.0
            +---------+---------+-------+---------+---------+-------
